Map: Moonlight Madness LE (Void)

Players

Javert

  • Race: Zerg Zerg
  • League: Gold

lIllIIlIlIlI - Winner!

  • Race: Zerg Zerg
  • League: Grandmaster

VOD

Have the link to the VOD?

Description

Time

  • Played on: Sept. 14, 2015, 1:33 a.m.
  • Length: 4:33
Show
View Real Time Build Order
Export as new Build Order

Javert Zerg 

Build Orders: Pool First 

Get SALT Encoding   

  12  0:02  Drone  
  13  0:15  Overlord  
  13  0:19  Drone  
  14  0:34  Drone x2  
  16  0:38  Drone  
  17  0:48  Spawning Pool  
  17  0:49  Drone  
  17  1:00  Drone  
  18  1:14  Hatchery  
  18  1:18  Drone  
  18  1:20  Extractor  
  18  1:22  Drone  
  18  1:36  Roach Warren  
  17  1:41  Queen  
  19  1:48  Overlord  
  19  1:57  Drone  
  20  2:17  Roach x3  
  26  2:26  Queen  
  28  2:36  Drone x2  
  30  2:45  Drone  
  30  2:46  Drone  
  32  2:52  Baneling Nest  
  32  2:55  Drone x3  
  32  2:56  Drone  
  35  3:04  Drone  
  35  3:05  Overlord  
  36  3:23  Evolution Chamber  
  35  3:30  Lair  
  35  3:32  Drone x6  
  35  3:33  Drone  
  42  3:42  Overlord  
  42  3:48  Overlord  
  42  3:55  Extractor  
  41  4:10  Roach x3, Extractor  
Show
View Real Time Build Order
Export as new Build Order

lIllIIlIlIlI Zerg - Winner!

Build Orders: Pool First 

Get SALT Encoding   

  12  0:01  Drone  
  13  0:18  Overlord  
  13  0:20  Drone  
  14  0:36  Drone x2  
  14  0:41  Drone  
  17  0:48  Spawning Pool  
  16  0:50  Drone  
  17  1:01  Drone  
  18  1:15  Hatchery  
  17  1:21  Overlord  
  17  1:24  Drone  
  18  1:34  Queen  
  18  1:38  Drone, Extractor  
  20  1:44  Drone  
  21  1:55  Drone  
  22  2:08  Zergling x2  
  22  2:10  Queen  
  25  2:18  Overlord  
  26  2:37  Drone x2  
  26  2:39  Drone x2  
  26  2:41  Metabolic Boost  
  26  2:42  Drone x3, Roach Warren  
  31  2:50  Extractor  
  30  2:52  Drone x2  
  32  3:05  Overlord x2  
  31  3:24  Roach  
  31  3:25  Roach x5  
  43  3:32  Zergling x2  
  43  3:33  Zergling x2  
  45  3:37  Zergling x2  
  45  3:38  Zergling x2  
  47  3:47  Overlord  
  47  3:52  Zergling x8  
  47  3:53  Zergling x2  
  52  4:15  Ravager x2  
  52  4:16  Ravager  
Tags
 
Add a new tag
Caveats
  • Supply blocks, unpowered buildings, or Contaminate may cause inaccurate times.
  • Supply counts are checked every 10 seconds.